 Dungeon Crawl Stone Soup version 0.21-a0-278-ga722497 (webtiles) character file.

44 4thArraOfDagon the Chopper (level 3, 0/32 (33) HPs)
             Began as a Minotaur Chaos Knight on Sept 21, 2017.
             Succumbed to an adder's poison
             ... on level 2 of the Dungeon.
             The game lasted 00:01:16 (171 turns).

4thArraOfDagon the Chopper (Minotaur Chaos Knight)   Turns: 171, Time: 00:01:17

HP:   0/32 (33)     AC:  3    Str: 21    XL:     3   Next: 39%
MP:   2/2           EV: 11    Int: 10    God:    Xom [..*...]
Gold: 7             SH:  0    Dex:  9    Spells: 2/2 levels left

rFire    . . .     SeeInvis .   a - +0 hand axe (chaos)
rCold    . . .     Gourm    .   (no shield)
rNeg     . . .     Faith    .   b - +2 leather armour
rPois    .         Spirit   .   (helmet restricted)
rElec    .         Reflect  .   (no cloak)
rCorr    .         Harm     .   (no gloves)
MR       .....                  (no boots)
Stlth    +.........             (no amulet)
HPRegen  0.00/turn              h - -2 ring of protection (curse)
MPRegen  0.08/turn              (no ring)

@: mighty, lethally poisoned (0 -> -17), non-regenerating, diseased
A: retaliatory headbutt, horns 2
a: Renounce Religion


You were on level 2 of the Dungeon.
You worshipped Xom.
You were a toy of Xom.
You were not hungry.

You visited 1 branch of the dungeon, and saw 2 of its levels.

You collected 7 gold pieces.

Inventory:

Hand Weapons
 a - a +0 hand axe of chaos (weapon)
Armour
 b - a +2 leather armour (worn)
Jewellery
 h - a cursed -2 ring of protection (left hand)
Scrolls
 e - a scroll of random uselessness {unknown}
 g - a scroll of remove curse {unknown}
Comestibles
 c - a bread ration
 d - a meat ration


   Skills:
 + Level 3.9 Fighting
 * Level 4.8 Axes
 + Level 2.8 Armour
 + Level 1.4 Dodging


You had 2 spell levels left.
You didn't know any spells.

Dungeon Overview and Level Annotations

Branches:
Dungeon (2/15)

Altars:
Makhleb


Innate Abilities, Weirdness & Mutations

You reflexively headbutt those who attack you in melee.
You have a pair of horns on your head.


Message History

Unknown command.
It was a potion of might.
You feel very mighty all of a sudden.
* * * LOW HITPOINT WARNING * * *
You feel sick. The adder bites you.
* * * LOW HITPOINT WARNING * * *
You are more poisoned.
The adder poisons you!
You hit the adder. You burn the adder.
You kill the adder!
* * * LOW HITPOINT WARNING * * *
You feel sick.
Unknown command.
Unknown command.
* * * LOW HITPOINT WARNING * * *
You feel sick.
You see here an adder corpse.
Unknown command.
You die...
Xom snickers!

.###.######
#.#.#.########.# #.
## #.# #.#.#.# #.
.# .# #.#.#.#
.###+##### #.#.#.#
.#.......#####.#.#.
(#.......'.......#
.#.......######..#
.#.......# #††#
.#.......# ##@#
##.......# #.#
#.......# #.#
#.......# #..
#.......# #..
#.......# #...
##.......# #.#.
.........+ ..#..
##########


There were no monsters in sight!

Vanquished Creatures
  2 adders (D:2)
  An ooze (D:2)
  2 bats (D:2)
  A goblin (D:2)
  10 jackals
  A frilled lizard (D:1)
  A kobold (D:2)
  A quokka skeleton (D:2)
19 creatures vanquished.

Notes
Turn   | Place    | Note
-------+----------+-------------------------------------------
     0 | D:1      | 4thArraOfDagon the Minotaur Chaos Knight began the quest for the Orb.
     0 | D:1      | Reached XP level 1. HP: 19/19 MP: 0/0
    31 | D:1      | Reached skill level 4 in Axes
    48 | D:2      | Reached XP level 2. HP: 27/27 MP: 1/1
   107 | D:2      | Found a burning altar of Makhleb.
   115 | D:2      | Reached XP level 3. HP: 23/33 MP: 2/2
   162 | D:2      | XOM: mild Necr miscast
   170 | D:2      | HP: 1/32 [poisoned by an adder]
   171 | D:2      | Succumbed to an adder's poison

Vault maps used:
D:1:      tarquinn_simple_flora_water_f, minmay_pentomino_x2
D:2:      lemuel_crystal_altar

Skill      XL: |  1 |
---------------+----+-----
Axes           | 4 |  4.8
Fighting       | |  3.9
Armour         | |  2.8
Dodging        | |  1.4

Action                   || total
-------------------------++-------
Melee: Hand axe          ||    39
       Headbutt          ||     5
  Use: Potion            ||     1
 Stab: Confused          ||     1
Armor: Leather armour    ||    13
Dodge: Dodged            ||    32

Table legend:
 A = Spawn XP
 B = Non-spawn XP
 C = Spawn XP percentage of total XP
 D = Spawn monster count
 E = Non-spawn monster count
 F = Spawn count percentage of total count
 G = Total turns spent on level
                    A         B        C        D         E        F      G
               +---------+---------+-------+---------+---------+-------+---------
         Total |       0 |      63 |   0.0 |       0 |      19 |   0.0 |   171
               +---------+---------+-------+---------+---------+-------+---------
           D:1 |       0 |       9 |   0.0 |       0 |       5 |   0.0 |    36
           D:2 |       0 |      54 |   0.0 |       0 |      14 |   0.0 |   135
               +---------+---------+-------+---------+---------+-------+---------
